cohdb
Replays
Latest Replays
All Replays
Popular Replays
Top Player Replays
Match Explorer
How It Works
Community
CoH3 Stats
Reddit
Sign in to upload your games and track your stats! →
Sign in with Steam
Match 24735678
Unlisted
Match 24735678
Overview
Messages
Build Orders
End
Engineer Squad
Construct Barracks
Selects Armored Battlegroup
Selects Assault Engineers
Riflemen Squad
Riflemen Squad
Infantry Support Center
M1 Mortar Team
Construct Medical Station
Selects Strength in Steel
Grenade Package
Scout Squad
Scout Squad
Construct Motor Pool
M8 Greyhound Armored Car
M1 Anti-tank Gun Team
M1918 Browning Automatic Rifles
Selects Seek and Destroy
Captain Retinue
Selects UNKNOWN (2160077)
M1 Anti-tank Gun Team
Selects Field Repairs
Selects War Machine
Construct Tank Depot
Assault Engineer Squad
Riflemen Squad
M4A3E8 Sherman Easy Eight
M1 Anti-tank Gun Team
Munitions Surplus
Wrathment
zj14511698
0
0
Comments
sign in to comment!
No comments posted yet!